 Dungeon Crawl Stone Soup version 0.31-a0-237-g2d982f9f85 (webtiles) character file.

Game seed: 2674596930375396366

65057 qw the Marksminotaur (level 14, -1/130 HPs)
             Began as a Minotaur Hexslinger on July 11, 2023.
             Was a High Priest of Okawaru.
             Slain by a vault guard
             ... wielding a +2 great sword
              (7 damage)
             ... on level 14 of the Dungeon.
             The game lasted 00:08:13 (18009 turns).

qw the Marksminotaur (Minotaur Hexslinger)         Turns: 18009, Time: 00:08:13

Health: -1/130     AC: 12    Str: 14    XL:     14   Next: 74%
Magic:  19/20      EV: 25    Int: 10    God:    Okawaru [*****.]
Gold:   1317       SH:  5    Dex: 23    Spells: 14/15 levels left

rFire   + . .        s - +2 longbow (heavy)
rCold   + . .        (shield currently unavailable)
rNeg    . . .        v - +0 troll leather armour
rPois   .            (helmet restricted)
rElec   .            n - scarf {rC+ rF+}
rCorr   .            k - +2 pair of gloves
SInv    +            y - +1 pair of boots
Will    +....        c - amulet of reflection
Stlth   +++          o - +6 ring of dexterity
HPRegen 1.21/turn    d - ring of see invisible
MPRegen 0.17/turn

%: reflection
@: about to teleport, heroic
A: horns 2, retaliatory headbutt
a: Renounce Religion, Heroism, Finesse, Duel


You were on level 14 of the Dungeon.
You worshipped Okawaru.
Okawaru was extremely pleased with you.
You visited 3 branches of the dungeon, and saw 20 of its levels.

You collected 1557 gold pieces.
You spent 240 gold pieces at shops.


Innate Abilities, Weirdness & Mutations

You have a pair of horns on your head.
You reflexively headbutt those who attack you in melee.


   Skills:
 + Level 13.7(18.7) Fighting
 - Level 20.0(25.0) Ranged Weapons
 - Level 7.0(12.0) Armour
 - Level 11.0(16.0) Dodging
 - Level 1.0 Spellcasting
 - Level 2.0 Hexes
 - Level 10.0 Invocations


You had 14 spell levels left.
You knew the following spells:

 Your Spells              Type           Power      Damage    Failure   Level
a - Slow                  Hex            16%        N/A       19%         1

Your spell library contained the following spells:

 Spells                   Type           Power      Damage    Failure   Level
 Inner Flame              Hex/Fire       2%         N/A       63%         3
 Portal Projectile        Hex/Tloc       4%         N/A       63%         3
 Cause Fear               Hex            2%         N/A       87%         4

Inventory:

Hand Weapons
 s - a +2 heavy longbow (weapon)
Armour
 h - a +0 cloak
 j - a scarf of repulsion
 k - a +2 pair of gloves (worn)
 n - a scarf of resistance (worn)
 v - a +0 troll leather armour (worn)
 y - a +1 pair of boots (worn)
Jewellery
 c - an amulet of reflection (around neck)
 d - a ring of see invisible (right hand)
 g - a +6 ring of strength
 l - a ring of willpower
 o - a +6 ring of dexterity (left hand)
 x - a ring of protection from cold
Wands
 q - a wand of digging (36)
Scrolls
 a - 8 scrolls of identify
 r - 5 scrolls of teleportation
Potions
 b - a potion of mutation
 e - 2 potions of might
 i - 2 potions of haste
 m - 7 potions of curing
 p - a potion of resistance
 t - 2 potions of enlightenment
 u - 2 potions of magic
 w - 2 potions of heal wounds

Dungeon Overview and Level Annotations

Branches:
Dungeon (14/15)            Temple (1/1) D:6            Lair (5/5) D:8
  Swamp (0/4) Lair:2        Snake (0/4) Lair:3        Slime (0/5) Lair:5
    Orc (0/2) D:12         Vaults (0/5) D:14

Altars:
Ashenzari
Cheibriados
Dithmenos
Elyvilon
Fedhas
Gozag
Hepliaklqana
Kikubaaqudgha
Makhleb
Nemelex Xobeh
Okawaru
Qazlal
Ru
Sif Muna
Trog
Uskayaw
Vehumet
Wu Jian
Xom
Yredelemnul
Zin
The Shining One
Jiyva

Shops:
D:4 [   D:12 *

Annotations:
D:5 1 runed translucent door, qw's ghost, novice GrFi


Message History

You headbutt the vault guard. You shoot an arrow.
The arrow hits the vault guard!
The vault guard is almost dead.
The vault guard hits you with a +3 great mace!!
The vault guard hits you with a +0 dire flail!!
The centaur warrior wields a +0 orcbow.
The centaur warrior shoots an arrow.
You block the arrow with an invisible shield... and reflect it back!
The arrow hits the centaur warrior!!
18005 ||| INVOKING Heroism.
You gain the combat prowess of a mighty hero.
The vault guard misses you.
The vault guard hits you with a +3 great mace!
The centaur warrior shoots an arrow.
The arrow hits you!
You shoot an arrow. The arrow hits the vault guard!!!
You kill the vault guard!
Okawaru is honoured by your kill.
The centaur warrior shoots an arrow.
The arrow barely misses you.
A tengu warrior comes into view.
It is wielding a +3 great mace of protection.
The centaur warrior shoots an arrow.
You block the arrow with an invisible shield... and reflect it back!
The arrow hits the centaur warrior!
You shoot an arrow. The arrow hits the vault guard!!!
The vault guard is heavily wounded.
The vault guard completely misses you. You furiously retaliate!
You headbutt the vault guard, but do no damage.
The centaur warrior shoots an arrow.
The arrow hits you! The vault guard completely misses you.
You block the vault guard's attack.
You shoot an arrow.
The arrow closely misses the vault guard.
The centaur warrior shoots an arrow.
The arrow hits you!
The centaur warrior shoots an arrow.
The arrow hits you! The vault guard completely misses you.
You furiously retaliate!
You headbutt the vault guard, but do no damage.
The vault guard hits you with a +0 dire flail!
18009 ||| READING 6 scrolls of teleportation.
As you read the scroll of teleportation, it crumbles to dust.
You feel strangely unstable.
The centaur warrior shoots an arrow.
The arrow barely misses you.
The vault guard hits you with a +2 great sword!
You die...

##. . #.. .. .Q
... .p ... #p ...
#p ...
######p########
##...
....$.p@.....^####
.....
..............~~~
.....
......[.#.....~##
#..
........#.....~#
.. ...
........#.....~#
## ...
..c....###....~# #
....
..............~##
# .....
..............~~#
##.....
............~#


You could see 5 vault guards, a tengu warrior and a centaur warrior.

Vanquished Creatures
  Snorg (D:11)
  Josephine (Lair:4)
  Erolcha (D:13)
  2 vault guards (D:14)
  A catoblepas (D:13)
  7 boulder beetles
  A centaur warrior (D:13)
  4 hydras
  2 tengu warriors (D:13)
  3 two-headed ogres
  6 death yaks
  14 spriggans (Lair:5)
  4 skysharks
  A swamp dragon (Lair:2)
  2 deep elf pyromancers
  A necromancer (D:12)
  An ugly thing (D:12)
  2 cyclopes
  3 manticores
  2 black mambas (Lair:5)
  A salamander (Lair:3)
  Joseph (Lair:1)
  3 elephants (Lair:4)
  A molten gargoyle (Lair:3)
  Maurice (D:13)
  2 gargoyles
  A torpor snail (Lair:3)
  11 cane toads
  2 unseen horrors
  Maggie (D:6)
  11 komodo dragons
  A rime drake (Lair:4)
  4 tengu conjurers
  2 kobold demonologists
  3 trolls
  9 polar bears
  Prince Ribbit (Lair:1)
  3 hornets (Lair:5)
  11 blink frogs
  4 dream sheep (Lair:5)
  6 slime creatures
  3 shadows
  24 yaks
  A vampire (D:12)
  5 wyverns
  4 wraiths (Lair:4)
  3 basilisks
  14 vampire mosquitoes
  Grum (D:10)
  A steam dragon (D:7)
  Menkaure (D:4)
  5 wargs
  4 acid dragons
  18 water moccasins
  6 orc warriors
  2 ogres
  6 black bears
  35 wolves
  4 boggarts (Lair:5)
  7 centaurs
  2 kobold brigands
  A phantom (D:7)
  Blork the orc (D:6)
  9 bullfrogs
  2 gnoll sergeants
  4 scorpions
  9 wights
  5 killer bees (D:9)
  4 electric eels
  4 howler monkeys
  4 crimson imps (D:3)
  7 lava snakes (Lair:3)
  3 jellies
  12 orc priests
  3 hounds
  A sleepcap (D:7)
  2 iguanas (Lair:2)
  11 orc wizards
  2 polar bear simulacra (D:12)
  5 yak simulacra (D:12)
  2 wolf simulacra (D:12)
  2 mummies (D:6)
  8 gnolls
  9 adders
  9 shadow imps
  8 white imps
  5 ufetubi
  2 worms
  3 dart slugs
  34 orcs
  6 ball pythons
  5 bats
  5 endoplasms
  4 giant cockroaches (D:6)
  12 goblins
  11 hobgoblins
  5 quokkas
  7 frilled lizards
  A hobgoblin zombie (D:6)
  12 kobolds
  A kobold zombie (D:6)
  2 orc zombies (D:6)
  2 rats (D:1)
  2 river rat simulacra (D:12)
530 creatures vanquished.

Notes
Turn   | Place    | Note
-------+----------+-------------------------------------------
     0 | D:1      | qw the Minotaur Hexslinger began the quest for the Orb.
     0 | D:1      | Reached XP level 1. HP: 16/16 MP: 1/1
     0 | D:1      | 0 ||| qw: Version: 0.3-a-52-g30416fa
     0 | D:1      | 0 ||| qw: Game counter: 5783
     0 | D:1      | 0 ||| qw: Melee chars always use a shield: true
     0 | D:1      | 0 ||| qw: God list: Okawaru
     0 | D:1      | 0 ||| qw: Allow faded altars: false
     0 | D:1      | 0 ||| qw: Do Orc after clearing Dungeon:15 true
     0 | D:1      | 0 ||| qw: Do second Lair branch before Depths: true
     0 | D:1      | 0 ||| qw: Lair rune preference: random
     0 | D:1      | 0 ||| qw: Goals: Normal
     0 | D:1      | 0 ||| PLANNING D:1-11
   122 | D:1      | 122 ||| FLEEEEING.
   123 | D:1      | 123 ||| FLEEEEING.
   124 | D:1      | 124 ||| FLEEEEING.
   125 | D:1      | 125 ||| FLEEEEING.
   165 | D:1      | Reached skill level 3 in Ranged Weapons
   165 | D:1      | Reached XP level 2. HP: 9/23 MP: 2/2
   943 | D:1      | 943 ||| UPGRADING to +0 leather armour.
   953 | D:1      | 953 ||| DROPPING +0 robe.
   954 | D:1      | 954 ||| READING 2 scrolls labelled XIBICA IRHAFES.
   955 | D:1      | 955 ||| READING scroll labelled KEIHIOKHLUN.
   956 | D:1      | 956 ||| READING scroll labelled XUNEAN WET.
   957 | D:1      | 957 ||| DRINKING 2 green potions.
   958 | D:1      | 958 ||| DROPPING scroll of poison.
   996 | D:2      | Reached XP level 3. HP: 29/29 MP: 3/3
  1000 | D:2      | Reached skill level 4 in Ranged Weapons
  1000 | D:2      | 1000 ||| FLEEEEING.
  1001 | D:2      | 1001 ||| FLEEEEING.
  1002 | D:2      | 1002 ||| FLEEEEING.
  1003 | D:2      | 1003 ||| STAIRDANCE
  1030 | D:2      | 1030 ||| STAIRDANCE
  1161 | D:2      | Reached XP level 4. HP: 36/36 MP: 4/4
  1563 | D:2      | 1563 ||| READING 2 scrolls labelled YSHOLU WENYLL.
  1564 | D:2      | 1564 ||| READING scroll labelled CADELUAZIMM.
  1565 | D:2      | 1565 ||| READING 2 scrolls of identify.
  1565 | D:2      | 1565 ||| IDENTIFYING metallic golden potion
  1566 | D:2      | 1566 ||| DROPPING scroll of amnesia.
  1594 | D:3      | 1594 ||| STAIRDANCE
  1600 | D:2      | Reached skill level 5 in Ranged Weapons
  1935 | D:3      | Reached skill level 3 in Fighting
  1935 | D:3      | HP: 6/38 [orc priest/+0 club (4)]
  1936 | D:3      | 1936 ||| DRINKING 3 potions of heal wounds.
  1939 | D:3      | Reached XP level 5. HP: 38/45 MP: 5/5
  1978 | D:3      | Found a shimmering altar of Xom.
  2000 | D:3      | Reached skill level 6 in Ranged Weapons
  2008 | D:3      | 2008 ||| FLEEEEING.
  2009 | D:3      | 2009 ||| FLEEEEING.
  2011 | D:3      | 2011 ||| FLEEEEING.
  2012 | D:3      | 2012 ||| FLEEEEING.
  2013 | D:3      | 2013 ||| FLEEEEING.
  2018 | D:3      | 2018 ||| FLEEEEING.
  2019 | D:3      | 2019 ||| FLEEEEING.
  2020 | D:3      | 2020 ||| STAIRDANCE
  2074 | D:2      | 2074 ||| UPGRADING to +0 ring mail.
  2084 | D:2      | 2084 ||| DROPPING +0 leather armour.
  2085 | D:2      | 2085 ||| READING scroll labelled ITOFOSTYGG.
  2086 | D:2      | 2086 ||| READING 2 scrolls of identify.
  2086 | D:2      | 2086 ||| IDENTIFYING bubbling dark potion
  2087 | D:2      | 2087 ||| DROPPING potion of attraction.
  2094 | D:3      | Reached skill level 1 in Armour
  2150 | D:3      | Reached XP level 6. HP: 51/51 MP: 6/6
  2269 | D:3      | Found a basalt altar of Yredelemnul.
  2310 | D:3      | Found a snail-covered altar of Cheibriados.
  2367 | D:3      | Found a faded altar of an unknown god.
  2371 | D:3      | Found a glowing silver altar of Zin.
  2444 | D:3      | Found a faded altar of an unknown god.
  2483 | D:3      | 2483 ||| UPGRADING to amulet of reflection.
  2488 | D:3      | 2488 ||| READING 3 scrolls of identify.
  2488 | D:3      | 2488 ||| IDENTIFYING red potion
  2489 | D:3      | 2489 ||| READING 2 scrolls of identify.
  2489 | D:3      | 2489 ||| IDENTIFYING blue potion
  2490 | D:3      | 2490 ||| DROPPING potion of degeneration.
  2491 | D:3      | 2491 ||| DROPPING potion of invisibility.
  2568 | D:4      | Found Foahiwot's Antique Armour Emporium.
  2591 | D:4      | Found a sacrificial altar of Ru.
  2791 | D:4      | 2791 ||| READING scroll labelled EJUOSK JAUGH.
  2804 | D:4      | 2804 ||| STAIRDANCE
  2808 | D:4      | 2808 ||| STAIRDANCE
  2812 | D:4      | 2812 ||| STAIRDANCE
  2816 | D:4      | 2816 ||| STAIRDANCE
  2820 | D:4      | 2820 ||| STAIRDANCE
  2824 | D:4      | 2824 ||| STAIRDANCE
  2828 | D:4      | 2828 ||| STAIRDANCE
  2832 | D:4      | 2832 ||| STAIRDANCE
  2836 | D:4      | 2836 ||| STAIRDANCE
  2840 | D:4      | 2840 ||| STAIRDANCE
  2844 | D:4      | 2844 ||| STAIRDANCE
  2848 | D:4      | 2848 ||| STAIRDANCE
  2852 | D:4      | 2852 ||| STAIRDANCE
  2856 | D:4      | 2856 ||| STAIRDANCE
  2860 | D:4      | 2860 ||| STAIRDANCE
  2864 | D:4      | 2864 ||| STAIRDANCE
  2868 | D:4      | 2868 ||| STAIRDANCE
  2872 | D:4      | 2872 ||| STAIRDANCE
  2876 | D:4      | 2876 ||| STAIRDANCE
  2880 | D:4      | 2880 ||| STAIRDANCE
  3055 | D:4      | 3055 ||| BUYING pair of gloves (126 gold).
  3055 | D:4      | Bought a pair of gloves for 126 gold pieces
  3055 | D:4      | 3055 ||| SHOPLISTING shiny ring mail (196 gold, have 79).
  3252 | D:4      | Noticed Menkaure
  3253 | D:4      | 3253 ||| FLEEEEING.
  3265 | D:4      | 3265 ||| FLEEEEING.
  3288 | D:4      | Killed Menkaure
  3289 | D:4      | Reached skill level 7 in Ranged Weapons
  3289 | D:4      | Reached XP level 7. HP: 42/59 MP: 7/7
  3383 | D:4      | 3383 ||| UPGRADING to +0 pair of gloves.
  3388 | D:4      | 3388 ||| READING 2 scrolls of enchant armour.
  3388 | D:4      | 3388 ||| ENCHANTING +0 pair of gloves.
  3389 | D:4      | 3389 ||| READING scroll of enchant armour.
  3389 | D:4      | 3389 ||| ENCHANTING +1 pair of gloves.
  3390 | D:4      | 3390 ||| READING scroll labelled MIGEZA BETO.
  3391 | D:4      | 3391 ||| READING scroll labelled LADDALI HELE.
  3477 | D:5      | Entered Level 5 of the Dungeon
  3487 | D:5      | 3487 ||| STAIRDANCE
  3492 | D:4      | Reached skill level 8 in Ranged Weapons
  3613 | D:5      | Found a hide-covered altar of Uskayaw.
  3984 | D:5      | 3984 ||| READING scroll of enchant weapon.
  3984 | D:5      | 3984 ||| ENCHANTING +2 sling.
  4104 | D:5      | Found a runed translucent door.
  4112 | D:5      | Noticed qw's ghost (novice GrFi)
  4114 | D:5      | 4114 ||| UPGRADING to +6 ring of strength.
  4115 | D:5      | 4115 ||| DRINKING 2 lumpy orange potions.
  4116 | D:5      | 4116 ||| DROPPING potion of brilliance.
  4128 | D:6      | 4128 ||| PLANNING SEWER
  4195 | D:6      | Noticed Blork the orc
  4211 | D:6      | HP: 6/61 [Blork the orc/+0 glaive (10)]
  4212 | D:6      | 4212 ||| READING scroll of teleportation.
  4212 | D:6      | HP: 1/61 [scorpion (4)]
  4213 | D:6      | 4213 ||| DRINKING 2 potions of heal wounds.
  4214 | D:6      | 4214 ||| DRINKING potion of heal wounds.
  4434 | D:6      | 4434 ||| READING scroll of enchant weapon.
  4434 | D:6      | 4434 ||| ENCHANTING +3 sling.
  4439 | D:6      | Reached XP level 8. HP: 68/68 MP: 8/8
  4472 | D:6      | 4472 ||| Stepping ~*~*~tactically~*~*~ (outnumbered).
  4481 | D:6      | Reached skill level 9 in Ranged Weapons
  4483 | D:6      | 4483 ||| FLEEEEING.
  4535 | D:6      | Reached skill level 3 in Dodging
  4686 | D:6      | 4686 ||| Stepping ~*~*~tactically~*~*~ (outnumbered).
  4746 | D:6      | Found a staircase to the Ecumenical Temple.
  4757 | D:6      | HP: 8/69 [ogre/+0 giant club (14)]
  4762 | D:6      | Reached skill level 6 in Fighting
  5103 | D:6      | 5103 ||| RIP SEWER
  5103 | D:6      | 5103 ||| RIP OSSUARY
  5103 | D:6      | 5103 ||| PLANNING TEMPLE
  5103 | D:6      | 5103 ||| UPGRADING to scarf of repulsion.
  5108 | D:6      | 5108 ||| DROPPING amulet of magic regeneration.
  5109 | D:6      | 5109 ||| UPGRADING to ring of see invisible.
  5185 | Temple   | Entered the Ecumenical Temple
  5232 | Temple   | 5232 ||| PLANNING OKAWARU WORSHIP
  5296 | Temple   | Became a worshipper of Warmaster Okawaru
  5297 | Temple   | 5297 ||| PLANNING D:1-11
  5397 | D:6      | Noticed Maggie
  5410 | D:6      | Killed Maggie
  5471 | D:6      | Reached * piety under Okawaru
  5472 | D:6      | Reached skill level 10 in Ranged Weapons
  5472 | D:6      | 5472 ||| INVOKING Heroism.
  5475 | D:6      | Killed Blork the orc
  5549 | D:6      | Reached skill level 1 in Invocations
  5788 | D:6      | 5788 ||| Stepping ~*~*~tactically~*~*~ (water).
  5840 | D:6      | 5840 ||| Stepping ~*~*~tactically~*~*~ (water).
  5850 | D:6      | 5850 ||| Stepping ~*~*~tactically~*~*~ (water).
  5860 | D:6      | 5860 ||| Stepping ~*~*~tactically~*~*~ (water).
  5869 | D:6      | 5869 ||| UPGRADING to +0 acid dragon scales.
  5879 | D:6      | 5879 ||| DROPPING +0 ring mail.
  5880 | D:6      | 5880 ||| READING scroll of enchant armour.
  5880 | D:6      | 5880 ||| ENCHANTING +0 acid dragon scales.
  5881 | D:6      | 5881 ||| READING scroll labelled INITEBLEOVU.
  5991 | D:6      | 5991 ||| READING 2 scrolls of identify.
  5991 | D:6      | 5991 ||| IDENTIFYING sedimented green potion
  5992 | D:6      | 5992 ||| DROPPING potion of lignification.
  6013 | D:7      | 6013 ||| Stepping ~*~*~tactically~*~*~ (outnumbered).
  6015 | D:7      | 6015 ||| Stepping ~*~*~tactically~*~*~ (outnumbered).
  6017 | D:7      | 6017 ||| Stepping ~*~*~tactically~*~*~ (outnumbered).
  6029 | D:7      | Reached skill level 3 in Armour
  6073 | D:7      | 6073 ||| INVOKING Heroism.
  6087 | D:7      | Reached XP level 9. HP: 79/79 MP: 7/9
  6172 | D:7      | 6172 ||| INVOKING Heroism.
  6349 | D:7      | 6349 ||| FLEEEEING.
  6350 | D:7      | 6350 ||| FLEEEEING.
  6351 | D:7      | 6351 ||| FLEEEEING.
  6352 | D:7      | 6352 ||| FLEEEEING.
  6354 | D:7      | 6354 ||| FLEEEEING.
  6355 | D:7      | 6355 ||| FLEEEEING.
  6356 | D:7      | 6356 ||| FLEEEEING.
  6406 | D:7      | Reached skill level 3 in Invocations
  6412 | D:7      | 6412 ||| INVOKING Heroism.
  6626 | D:7      | 6626 ||| SWAPPING to +0 longbow.
  6627 | D:7      | 6627 ||| DROPPING +4 sling.
  6680 | D:7      | 6680 ||| INVOKING Heroism.
  6682 | D:7      | 6682 ||| Stepping ~*~*~tactically~*~*~ (cloud).
  6817 | D:7      | 6817 ||| INVOKING Heroism.
  6824 | D:7      | Reached skill level 11 in Ranged Weapons
  7184 | D:7      | 7184 ||| INVOKING Heroism.
  7259 | D:7      | 7259 ||| DROPPING +1 pair of gloves.
  7260 | D:7      | 7260 ||| READING scroll labelled VEIN KETISIAWN.
  7261 | D:7      | 7261 ||| DRINKING 2 orange potions.
  7288 | D:8      | Noticed a two-headed ogre
  7289 | D:8      | 7289 ||| INVOKING Heroism.
  7305 | D:8      | HP: 18/79 [two-headed ogre/+0 giant club (4)]
  7306 | D:8      | 7306 ||| DRINKING potion of heal wounds.
  7309 | D:8      | Killed a two-headed ogre
  7310 | D:8      | Reached skill level 12 in Ranged Weapons
  7323 | D:8      | 7323 ||| FLEEEEING.
  7325 | D:8      | 7325 ||| FLEEEEING.
  7326 | D:8      | 7326 ||| FLEEEEING.
  7330 | D:8      | 7330 ||| STAIRDANCE
  7477 | D:7      | 7477 ||| READING 2 scrolls of identify.
  7477 | D:7      | 7477 ||| IDENTIFYING puce potion
  7478 | D:7      | 7478 ||| DROPPING potion of berserk rage.
  7502 | D:8      | 7502 ||| INVOKING Heroism.
  7565 | D:8      | Reached XP level 10. HP: 86/86 MP: 12/12
  7586 | D:8      | Reached ** piety under Okawaru
  7592 | D:8      | 7592 ||| FLEEEEING.
  7593 | D:8      | 7593 ||| FLEEEEING.
  7738 | D:8      | Found a staircase to the Lair.
  7758 | D:8      | 7758 ||| STAIRDANCE
  8142 | D:8      | 8142 ||| PLANNING LAIR
  8168 | Lair:1   | Entered Level 1 of the Lair of Beasts
  8174 | Lair:1   | Noticed Joseph
  8181 | Lair:1   | 8181 ||| STAIRDANCE
  8183 | D:8      | 8183 ||| INVOKING Heroism.
  8186 | D:8      | HP: 15/88 [yak (8)]
  8187 | D:8      | 8187 ||| READING scroll of teleportation.
  8188 | D:8      | 8188 ||| DRINKING potion of heal wounds.
  8191 | D:8      | Reached skill level 13 in Ranged Weapons
  8494 | Lair:1   | 8494 ||| STAIRDANCE
  8540 | Lair:1   | 8540 ||| STAIRDANCE
  8607 | Lair:1   | Killed Joseph
  8608 | Lair:1   | Reached skill level 9 in Fighting
  8631 | Lair:1   | Noticed a cane toad
  8632 | Lair:1   | 8632 ||| INVOKING Heroism.
  8635 | Lair:1   | Noticed a cane toad
  8639 | Lair:1   | Killed a cane toad
  8642 | Lair:1   | Killed a cane toad
  8642 | Lair:1   | Reached *** piety under Okawaru
  8643 | Lair:1   | Reached skill level 6 in Dodging
  8794 | Lair:1   | 8794 ||| INVOKING Heroism.
  8843 | Lair:1   | 8843 ||| INVOKING Heroism.
  8844 | Lair:1   | Noticed Prince Ribbit
  8863 | Lair:1   | 8863 ||| INVOKING Heroism.
  8877 | Lair:1   | Killed Prince Ribbit
  8878 | Lair:1   | Reached skill level 14 in Ranged Weapons
  9071 | Lair:1   | 9071 ||| INVOKING Heroism.
  9142 | Lair:1   | Reached XP level 11. HP: 97/97 MP: 13/13
  9164 | Lair:1   | 9164 ||| INVOKING Heroism.
  9540 | Lair:1   | Noticed a six-headed hydra
  9541 | Lair:1   | 9541 ||| INVOKING Heroism.
  9546 | Lair:1   | Killed a six-headed hydra
  9757 | Lair:1   | 9757 ||| UPGRADING to +6 ring of dexterity.
  9759 | Lair:1   | 9759 ||| READING scroll labelled SOUZAR WITA.
  9760 | Lair:1   | 9760 ||| READING 2 scrolls of identify.
  9760 | Lair:1   | 9760 ||| IDENTIFYING sapphire potion
  9778 | Lair:2   | 9778 ||| INVOKING Heroism.
  9806 | Lair:2   | Found a staircase to the Swamp.
  9806 | Lair:2   | Noticed a swamp dragon
  9808 | Lair:2   | 9808 ||| Stepping ~*~*~tactically~*~*~ (cloud).
  9814 | Lair:2   | Killed a swamp dragon
  9867 | Lair:2   | 9867 ||| INVOKING Heroism.
  9915 | Lair:2   | 9915 ||| INVOKING Heroism.
  9934 | Lair:2   | Noticed a skyshark
  9937 | Lair:2   | Killed a skyshark
  9937 | Lair:2   | Reached **** piety under Okawaru
 10007 | Lair:2   | 10007 ||| INVOKING Heroism.
 10034 | Lair:2   | 10034 ||| INVOKING Heroism.
 10215 | Lair:2   | 10215 ||| INVOKING Heroism.
 10314 | Lair:2   | 10314 ||| INVOKING Heroism.
 10565 | Lair:3   | Noticed a boulder beetle
 10566 | Lair:3   | 10566 ||| INVOKING Heroism.
 10574 | Lair:3   | Killed a boulder beetle
 10575 | Lair:3   | Reached skill level 15 in Ranged Weapons
 10680 | Lair:3   | 10680 ||| INVOKING Heroism.
 10712 | Lair:3   | 10712 ||| INVOKING Heroism.
 10714 | Lair:3   | Reached skill level 6 in Invocations
 10795 | Lair:3   | Found a staircase to the Snake Pit.
 10802 | Lair:3   | Reached XP level 12. HP: 77/107 MP: 15/15
 10902 | Lair:3   | 10902 ||| FLEEEEING.
 10905 | Lair:3   | Noticed a seven-headed hydra
 10906 | Lair:3   | 10906 ||| FLEEEEING.
 10907 | Lair:3   | 10907 ||| INVOKING Heroism.
 10910 | Lair:3   | Killed a seven-headed hydra
 11034 | Lair:3   | 11034 ||| INVOKING Heroism.
 11049 | Lair:3   | Reached ***** piety under Okawaru
 11066 | Lair:3   | Reached skill level 16 in Ranged Weapons
 11132 | Lair:3   | 11132 ||| READING scroll of enchant weapon.
 11132 | Lair:3   | 11132 ||| ENCHANTING +0 heavy longbow.
 11186 | Lair:3   | Noticed a death yak
 11187 | Lair:3   | 11187 ||| INVOKING Heroism.
 11188 | Lair:3   | 11188 ||| INVOKING Finesse.
 11191 | Lair:3   | Killed a death yak
 11437 | Lair:3   | 11437 ||| INVOKING Heroism.
 11694 | Lair:3   | 11694 ||| READING scroll labelled GIGOBOFYOS.
 11695 | Lair:3   | 11695 ||| READING 2 scrolls of identify.
 11695 | Lair:3   | 11695 ||| IDENTIFYING metallic grey potion
 11723 | Lair:4   | 11723 ||| INVOKING Heroism.
 11729 | Lair:4   | Noticed a boulder beetle
 11734 | Lair:4   | Killed a boulder beetle
 11735 | Lair:4   | Reached skill level 9 in Dodging
 11810 | Lair:4   | Received a gift from Okawaru
 11812 | Lair:4   | 11812 ||| INVOKING Heroism.
 11816 | Lair:4   | Reached skill level 9 in Invocations
 12063 | Lair:4   | Noticed a six-headed hydra
 12064 | Lair:4   | 12064 ||| INVOKING Heroism.
 12067 | Lair:4   | Killed a six-headed hydra
 12163 | Lair:4   | 12163 ||| INVOKING Heroism.
 12260 | Lair:4   | Noticed Josephine
 12269 | Lair:4   | 12269 ||| INVOKING Heroism.
 12270 | Lair:4   | Killed Josephine
 12487 | Lair:4   | Reached XP level 13. HP: 114/116 MP: 19/19
 12635 | Lair:4   | 12635 ||| READING 3 scrolls of identify.
 12635 | Lair:4   | 12635 ||| IDENTIFYING ruby potion
 12636 | Lair:4   | 12636 ||| READING 2 scrolls of identify.
 12636 | Lair:4   | 12636 ||| IDENTIFYING pink potion
 12637 | Lair:4   | 12637 ||| DROPPING potion of ambrosia.
 12658 | Lair:5   | Entered Level 5 of the Lair of Beasts
 12661 | Lair:5   | 12661 ||| STAIRDANCE
 12751 | Lair:5   | Received a gift from Okawaru
 12759 | Lair:5   | 12759 ||| INVOKING Heroism.
 12760 | Lair:5   | 12760 ||| INVOKING Finesse.
 12795 | Lair:5   | Reached skill level 17 in Ranged Weapons
 12800 | Lair:5   | 12800 ||| INVOKING Heroism.
 12801 | Lair:5   | 12801 ||| INVOKING Finesse.
 12888 | Lair:5   | 12888 ||| INVOKING Heroism.
 12963 | Lair:5   | 12963 ||| INVOKING Heroism.
 13049 | Lair:5   | 13049 ||| INVOKING Heroism.
 13060 | Lair:5   | Reached skill level 18 in Ranged Weapons
 13160 | Lair:5   | 13160 ||| DROPPING +0 arbalest of freezing.
 13217 | Lair:5   | 13217 ||| DRINKING potion of cancellation.
 13246 | Lair:5   | 13246 ||| FLEEEEING.
 13247 | Lair:5   | 13247 ||| FLEEEEING.
 13248 | Lair:5   | 13248 ||| FLEEEEING.
 13249 | Lair:5   | 13249 ||| FLEEEEING.
 13250 | Lair:5   | 13250 ||| FLEEEEING.
 13251 | Lair:5   | 13251 ||| FLEEEEING.
 13252 | Lair:5   | 13252 ||| FLEEEEING.
 13253 | Lair:5   | 13253 ||| FLEEEEING.
 13254 | Lair:5   | 13254 ||| FLEEEEING.
 13255 | Lair:5   | 13255 ||| FLEEEEING.
 13256 | Lair:5   | 13256 ||| FLEEEEING.
 13257 | Lair:5   | 13257 ||| FLEEEEING.
 13258 | Lair:5   | 13258 ||| FLEEEEING.
 13259 | Lair:5   | 13259 ||| FLEEEEING.
 13260 | Lair:5   | 13260 ||| FLEEEEING.
 13261 | Lair:5   | 13261 ||| FLEEEEING.
 13262 | Lair:5   | 13262 ||| FLEEEEING.
 13263 | Lair:5   | 13263 ||| FLEEEEING.
 13264 | Lair:5   | 13264 ||| FLEEEEING.
 13265 | Lair:5   | 13265 ||| FLEEEEING.
 13294 | Lair:5   | Reached skill level 12 in Fighting
 13335 | Lair:5   | 13335 ||| INVOKING Heroism.
 13343 | Lair:5   | Reached skill level 6 in Armour
 13345 | Lair:5   | Received a gift from Okawaru
 13352 | Lair:5   | HP: 25/118 [death yak (16)]
 13353 | Lair:5   | 13353 ||| READING 2 scrolls of teleportation.
 13439 | Lair:5   | 13439 ||| INVOKING Heroism.
 13686 | Lair:5   | 13686 ||| INVOKING Heroism.
 13757 | Lair:5   | 13757 ||| INVOKING Heroism.
 13985 | Lair:5   | Found a staircase to the Slime Pits.
 13986 | Lair:5   | Found a viscous altar of Jiyva.
 14071 | Lair:5   | 14071 ||| INVOKING Heroism.
 14160 | Lair:5   | 14160 ||| PLANNING D:1-11
 14160 | Lair:5   | 14160 ||| READING 3 scrolls of identify.
 14160 | Lair:5   | 14160 ||| IDENTIFYING white potion
 14752 | D:9      | 14752 ||| DRINKING 6 potions of curing.
 14752 | D:9      | 14752 ||| (to cure confusion)
 14767 | D:9      | 14767 ||| Stepping ~*~*~tactically~*~*~ (outnumbered).
 14769 | D:9      | 14769 ||| Stepping ~*~*~tactically~*~*~ (outnumbered).
 14771 | D:9      | 14771 ||| Stepping ~*~*~tactically~*~*~ (outnumbered).
 14980 | D:9      | 14980 ||| UPGRADING to scarf of resistance.
 15032 | D:10     | Entered Level 10 of the Dungeon
 15161 | D:10     | Noticed Grum
 15162 | D:10     | 15162 ||| INVOKING Heroism.
 15170 | D:10     | Killed Grum
 15535 | D:10     | 15535 ||| READING 5 scrolls of identify.
 15535 | D:10     | 15535 ||| IDENTIFYING emerald potion
 15536 | D:10     | 15536 ||| READING 4 scrolls of identify.
 15536 | D:10     | 15536 ||| IDENTIFYING cyan potion
 15611 | D:11     | 15611 ||| Stepping ~*~*~tactically~*~*~ (outnumbered).
 15655 | D:11     | Reached XP level 14. HP: 126/126 MP: 20/20
 15755 | D:11     | 15755 ||| INVOKING Heroism.
 15832 | D:11     | 15832 ||| INVOKING Heroism.
 15840 | D:11     | Reached skill level 19 in Ranged Weapons
 15939 | D:11     | Noticed Snorg
 15940 | D:11     | 15940 ||| INVOKING Heroism.
 15944 | D:11     | Killed Snorg
 15991 | D:11     | 15991 ||| PLANNING D
 15991 | D:11     | 15991 ||| READING scroll labelled HAOPEADAVO.
 16179 | D:12     | Found a staircase to the Orcish Mines.
 16204 | D:12     | 16204 ||| Stepping ~*~*~tactically~*~*~ (outnumbered).
 16206 | D:12     | 16206 ||| Stepping ~*~*~tactically~*~*~ (outnumbered).
 16366 | D:12     | 16366 ||| Stepping ~*~*~tactically~*~*~ (outnumbered).
 16371 | D:12     | 16371 ||| Stepping ~*~*~tactically~*~*~ (outnumbered).
 16722 | D:12     | Found Ronaen's Assorted Antiques.
 16731 | D:12     | 16731 ||| BUYING potion of curing (57 gold).
 16731 | D:12     | Bought a potion of curing for 57 gold pieces
 16731 | D:12     | 16731 ||| BUYING scroll of teleportation (57 gold).
 16731 | D:12     | Bought a scroll of teleportation for 57 gold pieces
 16892 | D:12     | 16892 ||| DROPPING scarf of shadows.
 16938 | D:13     | 16938 ||| STAIRDANCE
 17012 | D:13     | 17012 ||| STAIRDANCE
 17061 | D:13     | 17061 ||| STAIRDANCE
 17063 | D:12     | 17063 ||| INVOKING Heroism.
 17226 | D:12     | 17226 ||| UPGRADING to +0 troll leather armour.
 17236 | D:12     | 17236 ||| DROPPING +1 acid dragon scales.
 17241 | D:13     | 17241 ||| STAIRDANCE
 17243 | D:12     | 17243 ||| INVOKING Heroism.
 17309 | D:13     | 17309 ||| READING scroll of enchant weapon.
 17309 | D:13     | 17309 ||| ENCHANTING +1 heavy longbow.
 17334 | D:13     | 17334 ||| INVOKING Heroism.
 17348 | D:13     | Noticed Maurice
 17351 | D:13     | Killed Maurice
 17466 | D:13     | 17466 ||| INVOKING Heroism.
 17467 | D:13     | 17467 ||| INVOKING Finesse.
 17525 | D:13     | Found a white marble altar of Elyvilon.
 17560 | D:13     | 17560 ||| INVOKING Heroism.
 17564 | D:13     | 17564 ||| INVOKING Finesse.
 17583 | D:13     | Noticed Erolcha
 17585 | D:13     | Killed Erolcha
 17827 | D:13     | 17827 ||| UPGRADING to +0 pair of boots.
 17832 | D:13     | 17832 ||| READING scroll of enchant armour.
 17832 | D:13     | 17832 ||| ENCHANTING +0 pair of boots.
 17856 | D:14     | 17856 ||| INVOKING Heroism.
 17867 | D:14     | Reached skill level 20 in Ranged Weapons
 17997 | D:14     | Found a gate to the Vaults.
 18005 | D:14     | 18005 ||| INVOKING Heroism.
 18008 | D:14     | HP: 31/130 [centaur warrior/arrow (13)]
 18008 | D:14     | HP: 5/130 [vault guard/+0 dire flail (11)]
 18009 | D:14     | 18009 ||| READING 6 scrolls of teleportation.
 18009 | D:14     | Slain by a vault guard

Levels and vault maps discovered:
D:1:      giann_forest_graveyard, layout_basic, st_stairs_11
D:2:      layout_rooms, minmay_pentomino_p4
D:3:      layout_rooms, led_xom_imps, nicolae_overflow_ecumenical_swirl,
          nicolae_overflow_squiral, hellmonk_ecumenical_altar_leap_of_faith
D:4:      layout_loops_ring, hangedman_ru_absence, serial_shops, shop,
          uniq_menkaure
D:5:      layout_basic, nicolae_uskayaw_dance_hall,
          ebering_ghost_reflecting_pool
D:6:      layout_basic, minmay_temple_entry_nine_rooms,
          gup_ossuary_entry_pyramid, gup_sewer_entry_pipe, minmay_mini_ossuary,
          uniq_blork_the_orc, uniq_maggie
D:7:      layout_loops_corners, serial_demonic, serial_demonic_d,
          serial_demonic_e, serial_demonic_g, serial_demonic_c,
          serial_demonic_d, serial_demonic_e, serial_demonic_a, serial_demonic_g
D:8:      layout_rooms, erik_lair_orcish_takeover
D:9:      layout_grid_maze
D:10:     layout_small_grid, minmay_crystal_room, uniq_grum
D:11:     layout_basic, uniq_snorg
D:12:     layout_irregular_city, david_orc_1_choice, serial_shops,
          nicolae_shop_stone, eino_house_with_fridge
D:13:     layout_big_octagon, nicolae_elyvilon_peaceful_grove, uniq_maurice,
          uniq_erolcha
D:14:     dreamdust_dug_too_deep, layout_cave_pools, erik_vaults_2,
          enter_trove_6, lemuel_round_altar
Temple:   kb_temple_of_zot
Lair:1:   layout_chaotic_city, serial_bayou_shore_a, serial_bayou_shore_b,
          uniq_prince_ribbit2, uniq_joseph
Lair:2:   layout_chaotic_city, minmay_swamp_entry_reptiles, lemuel_fruit_tree,
          grunt_megastairs_3
Lair:3:   layout_chaotic_city, nicolae_snake_entry_warm_welcome,
          nicolae_lair_liquid_snakes, grunt_megastairs_5, serial_bayou_shore_b
Lair:4:   layout_roguey, uniq_josephine
Lair:5:   minmay_lair_end_enchanted_forest, layout_long_grid, slime_entry_1,
          grunt_forest_large_clearings

Skill      XL: |  1  2  3  4  5  6  7  8  9 10 11 12 13 14 |
---------------+-------------------------------------------+-----
Ranged Weapons | 3 4 5 6 7 8 10 12 14 15 16 18 20 | 20.0
Fighting       | 2 3 4 5 7 9 10 11 12 13 | 13.7
Armour         | 1 2 3 4 5 6 7 |  7.0
Dodging        | 4 5 6 8 9 10 11 | 11.0
Invocations    | 2 4 6 9 10 | 10.0
Spellcasting   | |  1.0
Hexes          | |  2.0

Action                     |  1- 3 |  4- 6 |  7- 9 | 10-12 | 13-15 || total
---------------------------+-------+-------+-------+-------+-------++-------
   Fire: Sling             |   107 |   232 |   287 |       |       ||   626
         Longbow           |       |       |    72 |   429 |   593 ||  1094
 Invoke: Heroism           |       |       |     9 |    27 |    21 ||    57
         Finesse           |       |       |       |     1 |     4 ||     5
    Use: Scroll            |     3 |     8 |    12 |     6 |    10 ||    39
         Potion            |     1 |     1 |     5 |     1 |     2 ||    10
 Armour: Robe              |     2 |       |       |       |       ||     2
         Leather armour    |     6 |    20 |       |       |       ||    26
         Ring mail         |       |    14 |    23 |       |       ||    37
         Acid dragon scale |       |       |    37 |    55 |    46 ||   138
         Troll leather arm |       |       |       |       |    10 ||    10
  Dodge: Dodged            |    34 |    90 |   114 |   172 |   245 ||   655
         Repelled          |       |       |       |     2 |       ||     2
  Block: Other             |       |     7 |    47 |    41 |    67 ||   162
         Reflection        |       |       |     1 |     4 |     9 ||    14

Table legend:
 A = Non-vault XP
 B = Vault XP
 C = Vault XP percentage of total XP
 D = Non-vault monster count
 E = Vault monster count
 F = Vault count percentage of total count
                 A         B        C        D         E       F
            +---------+---------+-------+---------+---------+-------
      Total |   66517 |   26422 |  28.4 |     357 |     173 |  32.6
            +---------+---------+-------+---------+---------+-------
        D:1 |      27 |      10 |  27.0 |      15 |       4 |  21.1
        D:2 |     104 |       4 |   3.7 |      21 |       2 |   8.7
        D:3 |     106 |     190 |  64.2 |      22 |       4 |  15.4
        D:4 |     376 |     169 |  31.0 |      23 |       1 |   4.2
        D:5 |     137 |       0 |   0.0 |       4 |       0 |   0.0
        D:6 |     901 |     518 |  36.5 |      17 |      15 |  46.9
        D:7 |    1558 |     329 |  17.4 |      20 |      18 |  47.4
        D:8 |    2374 |     531 |  18.3 |      16 |       9 |  36.0
        D:9 |    1348 |       0 |   0.0 |      23 |       0 |   0.0
       D:10 |     924 |     643 |  41.0 |      15 |       5 |  25.0
       D:11 |    4830 |     945 |  16.4 |      20 |       1 |   4.8
       D:12 |    7260 |    1549 |  17.6 |      30 |      21 |  41.2
       D:13 |    7184 |    1310 |  15.4 |      16 |       2 |  11.1
       D:14 |    4315 |    1737 |  28.7 |      12 |       2 |  14.3
     Lair:1 |    3423 |    1826 |  34.8 |      13 |       6 |  31.6
     Lair:2 |    3791 |    1815 |  32.4 |      14 |       6 |  30.0
     Lair:3 |    7931 |    2816 |  26.2 |      20 |      18 |  47.4
     Lair:4 |    8680 |    1747 |  16.8 |      29 |       5 |  14.7
     Lair:5 |   11248 |   10283 |  47.8 |      27 |      54 |  66.7
            +---------+---------+-------+---------+---------+-------
